 Dungeon Crawl Stone Soup version 0.29.0-4-gdea44cf6ec (webtiles) character file.

Game seed: 9574387910911300114

38 Renzlar the Shield-Bearer (level 3, -2/30 HPs)
             Began as a Formicid Fighter on Aug 26, 2022.
             Succumbed to an adder's poison
             ... on level 3 of the Dungeon.
             The game lasted 00:04:48 (1839 turns).

Renzlar the Shield-Bearer (Formicid Fighter)        Turns: 1839, Time: 00:04:49

Health: -2/30      AC: 11    Str: 22    XL:     3   Next: 65%
Magic:  3/3        EV:  5    Int:  7    God:
Gold:   115        SH: 13    Dex: 13    Spells: 2/2 levels left

rFire   . . .      SeeInvis +   a - +1 war axe
rCold   . . .      Faith    .   h - +0 tower shield
rNeg    . . .      Spirit   .   g - +1 chain mail
rPois   .          Reflect  .   (helmet unavailable)
rElec   .          Harm     .   (no cloak)
rCorr   .          Rampage  .   i - +0 pair of gloves
Will    .....                   (no boots)
Stlth   ..........              (no amulet)
HPRegen 0.10/turn               (no ring)
MPRegen 0.08/turn               (no ring)

@: lethally poisoned (-2 -> -15)
A: permanent stasis, dig shafts and tunnels, antennae 3, four strong arms
a: Dig, Shaft Self


You were on level 3 of the Dungeon.
You visited 1 branch of the dungeon, and saw 3 of its levels.

You collected 115 gold pieces.

Inventory:

Hand Weapons
 a - a +1 war axe (weapon)
Missiles
 f - 3 javelins
Armour
 g - a +1 chain mail (worn)
 h - a +0 tower shield (worn)
 i - a +0 pair of gloves (worn)
Scrolls
 c - a scroll of identify
Potions
 b - 2 potions of curing
 d - a potion of might
 e - a potion of cancellation
 j - a potion of haste {unknown}


   Skills:
 + Level 4.1 Fighting
 * Level 2.4 Axes
 + Level 3.6 Armour
 + Level 4.2 Shields


You had 2 spell levels left.
You didn't know any spells.
Your spell library was empty.

Dungeon Overview and Level Annotations

Branches:
Dungeon (3/15)

Altars:


Innate Abilities, Weirdness & Mutations

You cannot be hasted, slowed, berserked, paralysed or teleported.
You can dig through walls and to a lower floor.
You have a pair of large antennae on your head. (SInv)
Your four strong arms can wield two-handed weapons with a shield.


Message History

You are poisoned.
The adder poisons you!
A kobold comes into view.
It is wielding a +0 short sword and quivering poisoned darts.
The adder bites you.
You are more poisoned.
The adder poisons you!
You barely miss the adder. You barely miss the orc.
You feel very sick.
An adder comes into view.
The adder bites you.
A hobgoblin comes into view.
The orc hits you but does no damage. The adder bites you.
You are more poisoned.
The adder poisons you!
The adder moves out of view.
The hobgoblin moves out of view.
You bump into the rock wall.
You feel very sick. The adder bites you.
An adder comes into view.
The orc wizard hits you but does no damage.
Unknown command.
The adder hisses angrily.
You hit the adder.
The adder is moderately wounded.
You miss the orc wizard. You barely miss the kobold.
You feel less confused.
* * * LOW HITPOINT WARNING * * *
You feel very sick. The adder bites you.
* * * LOW HITPOINT WARNING * * *
You are more poisoned.
The adder poisons you!
The kobold hits you with a +0 short sword.
* * * LOW HITPOINT WARNING * * *
You block the orc wizard's attack. You block the adder's attack.
You barely miss the adder.
The adder is moderately wounded.
You hit the orc wizard. You slash the kobold!
You kill the kobold!
You die...

#.....###
....... {
#S....##
#...... .....
... #)# #
#@####....
#Soo.g....
#...)o$.......
#.##.#######.#
## {


You could see an orc wizard, 2 adders, 2 orcs and a hobgoblin.

Vanquished Creatures
  An adder (D:2)
  2 worms (D:2)
  A dart slug (D:1)
  An orc (D:2)
  2 endoplasms (D:2)
  2 hobgoblins
  4 jackals (D:1)
  2 kobolds
  A ball python (D:2)
  3 bats
  2 rats
21 creatures vanquished.

Notes
Turn   | Place    | Note
-------+----------+-------------------------------------------
     0 | D:1      | Renzlar the Formicid Fighter began the quest for the Orb.
     0 | D:1      | Reached XP level 1. HP: 18/18 MP: 1/1
   379 | D:1      | Reached XP level 2. HP: 22/24 MP: 2/2
   413 | D:1      | Found a faded altar of an unknown god.
   972 | D:2      | Reached XP level 3. HP: 30/30 MP: 3/3
  1839 | D:3      | Succumbed to an adder's poison

Illustrated notes

Levels and vault maps discovered:
D:1:      nagdon_arrival_double_spiral, layout_basic,
          hellmonk_ecumenical_altar_heavens_door
D:2:      layout_rooms, serial_aquarium, aquarium_bridge_long_joined
          [aquarium_subvault_bridge, aquarium_subvault_bridge,
          aquarium_subvault_wall, aquarium_subvault_bridge,
          aquarium_subvault_bridge, aquarium_subvault_balcony],
          aquarium_bridge_square [aquarium_subvault_bridge,
          aquarium_subvault_balcony, aquarium_subvault_bridge,
          aquarium_subvault_bridge], aquarium_window_2,
          aquarium_window_corridor_3, aquarium_window_1, aquarium_view_2g,
          aquarium_view_2f, aquarium_balcony_3b, aquarium_pool_corner,
          chequers_arboretum
D:3:      layout_loops_ring, serial_aquarium, aquarium_bridge_long_separate
          [aquarium_subvault_wall, aquarium_subvault_bridge,
          aquarium_subvault_window, aquarium_subvault_balcony,
          aquarium_subvault_wall, aquarium_subvault_bridge],
          aquarium_window_fake, aquarium_window_1, aquarium_window_1,
          aquarium_window_3, aquarium_view_2e, aquarium_pool_2

Skill      XL: |  1  2 |
---------------+-------+-----
Fighting       | 4 |  4.1
Axes           | |  2.4
Armour         | |  3.6
Shields        | |  4.2

Action                   || total
-------------------------++-------
Melee: War axe           ||    51
  Use: Scroll            ||     8
Armor: Chain mail        ||    27
Dodge: Dodged            ||    18
Block: Buckler           ||     4
       Tower shield      ||    13
